 Dungeon Crawl Stone Soup version 0.19.5 (webtiles) character file.

6846 greprep the Unseen (level 10, -2/46 HPs)
             Began as a Spriggan Enchanter on May 7, 2017.
             Was a Priest of Ashenzari.
             Slain by a yak (15 damage)
             ... on level 10 of the Dungeon.
             The game lasted 00:35:49 (10459 turns).

greprep the Unseen (Spriggan Enchanter)            Turns: 10459, Time: 00:35:50

Health: -2/46      AC:  6    Str:  8    XL:     10   Next: 78%
Magic:  24/24      EV: 21    Int: 18    God:    Ashenzari [***...]
Gold:   347        SH:  0    Dex: 21    Spells: 5 memorised, 16 levels left

rFire  . . .     SeeInvis +     u - +6 dagger "Hutoer" {flame, +Blink +Rage} (curse)
rCold  . . .     Gourm    .     R - +1 robe "Wybikh" {Str+2} (curse)
rNeg   . . .     Faith    .     (shield restricted)
rPois  .         Spirit   .     (helmet restricted)
rElec  .         Reflect  .     N - +2 cloak
rCorr  .         Harm     .     (gloves unavailable)
MR     +....                    (boots unavailable)
Stlth  ++++++....               y - amulet of regeneration (curse)
                                r - +4 ring of dexterity
                                f - ring of wizardry (curse)

@: about to teleport, very quick
A: unfitting armour, see invisible, herbivore 3, speed 3, slow metabolism 2
a: Curse Item, Scrying, Renounce Religion, Evoke Blink, Evoke Berserk Rage


You were on level 10 of the Dungeon.
You worshipped Ashenzari.
Ashenzari was most pleased with you.
You were not hungry.

You visited 1 branch of the dungeon, and saw 11 of its levels.

You collected 555 gold pieces.
You spent 208 gold pieces at shops.

Inventory:

Hand Weapons
 u - the cursed +6 dagger "Hutoer" (weapon) {flame, +Blink +Rage}
   (You found it on level 4 of the Dungeon)

   It has been specially enchanted to burn those struck by it, causing extra
   injury to most foes and up to half again as much damage against particularly
   susceptible opponents.
   It lets you blink.
   It lets you go berserk.
   It has a curse placed upon it.
 x - the +1 hand axe "Baceedeg" {drain, *Rage rF- Str+6 Dex+10}
   (You took it off an orc wizard on level 5 of the Dungeon)

   A truly terrible weapon, it drains the life of those it strikes.
   It affects your strength (+6).
   It affects your dexterity (+10).
   It makes you vulnerable to fire.
   It may make you go berserk in combat.
 O - a +2 dagger of holy wrath
Armour
 N - a +2 cloak (worn)
 R - the cursed +1 robe "Wybikh" (worn) {Str+2}
   (You found it on level 10 of the Dungeon)

   It affects your strength (+2).
   It has a curse placed upon it.
Jewellery
 f - a cursed ring of wizardry (left hand)
 r - a +4 ring of dexterity (right hand)
 y - a cursed amulet of regeneration (around neck)
 F - an uncursed ring of stealth
 J - an uncursed ring of wizardry
 S - a +2 ring of dexterity
Wands
 t - a wand of lightning (9/15)
 v - a wand of flame (32/48)
 A - a wand of enslavement (19/24)
 G - a wand of disintegration (5/24)
 K - a wand of polymorph (10/24)
Scrolls
 d - 2 scrolls of recharging
 e - a scroll of fog {unknown}
 q - 2 scrolls of teleportation
 s - 3 scrolls of magic mapping
 z - a scroll of random uselessness {unknown}
 B - 2 scrolls of enchant weapon {unknown}
 D - a scroll of immolation {unknown}
 H - a scroll of holy word {unknown}
Potions
 h - 2 potions of agility
 i - a potion of cure mutation
 j - 3 potions of flight
 l - a potion of might
 n - 2 potions of curing
 o - 4 potions of brilliance
 E - a potion of haste
 I - a potion of resistance {unknown}
 M - a potion of degeneration {unknown}
 P - a potion of heal wounds
Books
 c - a book of Maledictions

   Spells                             Type                      Level
   a - Corona                         Hexes                        1
   b - Ensorcelled Hibernation        Hexes/Ice                    2
   c - Confuse                        Hexes                        3
   d - Tukima's Dance                 Hexes                        3
   e - Dazzling Spray                 Conjuration/Hexes            3
 C - a book of Geomancy

   Spells                             Type                      Level
   a - Sandblast                      Earth                        1
   b - Passwall                       Transmutation/Earth          2
   c - Stone Arrow                    Conjuration/Earth            3
   d - Petrify                        Transmutation/Earth          4
   e - Lee's Rapid Deconstruction     Earth                        5
 L - a book of Debilitation

   Spells                             Type                      Level
   a - Corona                         Hexes                        1
   b - Slow                           Hexes                        2
   c - Gell's Gravitas                Hexes/Translocation          3
   d - Inner Flame                    Hexes/Fire                   3
   e - Cause Fear                     Hexes                        4
   f - Leda's Liquefaction            Hexes/Earth                  4
 Q - a book of Necromancy

   Spells                             Type                      Level
   a - Pain                           Necromancy                   1
   b - Animate Skeleton               Necromancy                   1
   c - Vampiric Draining              Necromancy                   3
   d - Regeneration                   Charms/Necromancy            3
   e - Animate Dead                   Necromancy                   4
   f - Control Undead                 Necromancy                   4
Comestibles
 a - 4 bread rations
 p - 16 fruits


   Skills:
 + Level 1.7 Fighting
 * Level 6.6(9.6) Short Blades
 + Level 4.6 Dodging
 * Level 15.6 Stealth
 + Level 9.0 Spellcasting
 + Level 7.7(9.6) Hexes
 + Level 0.4(1.1) Charms
 * Level 1.5(2.9) Necromancy
 + Level 4.4(6.2) Ice Magic


You had 16 spell levels left.
You knew the following spells:

 Your Spells              Type           Power        Failure   Level  Hunger
a - Corona                Hex            #####..      1%          1    None
b - Ensorcelled Hibernat  Hex/Ice        #####.       1%          2    None
c - Confuse               Hex            #####...     1%          3    None
d - Passwall              Tmut/Erth      #.........   6%          2    None
e - Regeneration          Chrm/Necr      ###.......   6%          3    None


Dungeon Overview and Level Annotations

Branches:
Dungeon (11/15)            Temple (0/1) D:7            Lair (0/6) D:9
    Orc: D:9-12

Altars:
Ashenzari
Gozag
Kikubaaqudgha
Nemelex Xobeh
Ru
Vehumet

Shops:
D:5 %


Innate Abilities, Weirdness & Mutations

You are very small and have problems with some larger weapons.
You are too small for most types of armour.
You have supernaturally acute eyesight. (SInv)
You are a herbivore.
You cover ground extremely quickly.
You need consume almost no food.


Message History

There is a stone staircase leading down, spattered with blood here.
You see here a yak corpse.
You start resting.
HP restored.
You start resting.
Magic restored.
You climb downwards.
The yak closely misses you. The yak barely misses you. The yak misses you.
The yak completely misses you. The yak gores you!
There is a stone staircase leading up here.
The hound zombie misses you. The yak barely misses you. The yak gores you! x2
* * * LOW HITPOINT WARNING * * *
The hound zombie completely misses you.
You climb upwards.
There is a stone staircase leading down, spattered with blood here.
You see here a yak corpse.
Okay, then.
As you read the scroll of teleportation, it crumbles to dust.
You feel strangely unstable. The yak completely misses you.
The yak barely misses you. x2; The yak gores you!
You die...

..........# #.##############...
.........(# #...............)..
.########.# #..########.#####..
.# #.#####...## #........ .#
####..........## #.####### .#
#..............# #.# .#
#.##.##.#...[..# #.# ##
#.##.##.#.YYY#.# #.#
######.##.##.#.#@##.# #.#
....##.##.##.#.#Y##.# #.#
###.##.#<..#.#.#.##.# #.#
#.##...........##.#####.#
#.##.....#..........>...#
###.##..#.##.#.####.####..#
........#.##...####.####.†#######
###.##.##.................#......
#.##.#####.#####.#####.##.#####


You could see 4 yaks.

Vanquished Creatures
  A hill giant (D:10)
  A troll (D:10)
  A two-headed ogre (D:8)
  Prince Ribbit (D:7)
  A wyvern (D:10)
  6 yaks
  5 wraiths (D:10)
  2 water moccasins
  An ice beast (D:6)
  2 orc warriors
  2 sky beasts
  A black bear (D:7)
  An eye of draining (D:10)
  A necrophage (D:10)
  3 ogres
  A phantom (D:5)
  4 centaurs
  2 big kobolds
  Blork the orc (D:4)
  5 bullfrogs
  A water moccasin zombie (D:7)
  An elf skeleton (D:10)
  A wyvern skeleton (D:10)
  2 scorpions
  6 wights (D:10)
  2 howler monkeys (D:9)
  5 crimson imps
  A bullfrog zombie (D:6)
  A bullfrog skeleton (D:5)
  3 human zombies (D:10)
  4 jellies
  5 hounds
  A quasit (D:7)
  4 orc priests
  4 orc wizards
  7 worker ants
  2 hound skeletons
  7 gnolls (D:7)
  Robin (D:4)
  10 adders
  3 shadow imps
  An adder skeleton (D:5)
  A worm (D:5)
  5 leopard geckos
  11 orcs
  4 ball pythons
  5 giant cockroaches
  12 goblins
  13 hobgoblins
  2 jackals (D:6)
  4 quokkas
  5 bats
  3 frilled lizards
  21 kobolds
  2 leopard gecko skeletons
  An orc zombie (D:10)
  A quokka skeleton (D:5)
  A rat (D:2)
205 creatures vanquished.

Notes
Turn   | Place    | Note
-------+----------+-------------------------------------------
     0 | D:1      | greprep the Spriggan Enchanter began the quest for the Orb.
     0 | D:1      | Reached XP level 1. HP: 9/9 MP: 5/5
   366 | D:1      | Reached XP level 2. HP: 9/13 MP: 6/6
   370 | D:1      | Learned a level 2 spell: Ensorcelled Hibernation
  1459 | D:2      | Reached XP level 3. HP: 14/16 MP: 2/8
  1461 | D:2      | Reached skill level 5 in Stealth
  2252 | D:3      | Reached XP level 4. HP: 21/21 MP: 10/10
  2392 | D:3      | Found a faded altar of an unknown god.
  2398 | D:3      | Reached skill level 1 in Ice Magic
  2559 | D:4      | Got a scorched dagger
  2560 | D:4      | Identified the +6 dagger "Hutoer" {flame, +Blink +Rage} (You found it on level 4 of the Dungeon)
  2573 | D:4      | Reached XP level 5. HP: 25/25 MP: 5/11
  2605 | D:4      | Found an opulent altar of Gozag.
  2611 | D:4      | Noticed Robin
  2637 | D:4      | Reached skill level 6 in Stealth
  2737 | D:4      | Killed Robin
  2865 | D:4      | Found a shattered altar of Ashenzari.
  2873 | D:4      | Became a worshipper of Ashenzari the Shackled
  3107 | D:4      | Noticed Blork the orc
  3130 | D:4      | Killed Blork the orc
  3130 | D:4      | Reached skill level 5 in Hexes
  3130 | D:4      | Reached XP level 6. HP: 20/29 MP: 1/13
  3766 | D:5      | Entered Level 5 of the Dungeon
  3771 | D:5      | Reached skill level 7 in Stealth
  3785 | D:5      | Reached XP level 7. HP: 32/32 MP: 9/15
  3870 | D:5      | Identified the +1 hand axe "Baceedeg" {drain, *Rage rF- Str+6 Dex+10} (You took it off an orc wizard on level 5 of the Dungeon)
  3945 | D:5      | You fall through a shaft!
  4047 | D:6      | Reached skill level 1 in Fighting
  4047 | D:6      | Reached skill level 5 in Spellcasting
  4104 | D:6      | Reached * piety under Ashenzari
  4158 | D:6      | Reached skill level 8 in Stealth
  4163 | D:6      | Learned a level 3 spell: Confuse
  4673 | D:6      | Reached XP level 8. HP: 37/37 MP: 14/17
  4835 | D:6      | Reached skill level 9 in Stealth
  5436 | D:5      | Found Gishad's Food Shoppe.
  5444 | D:5      | Bought a bread ration for 65 gold pieces
  5444 | D:5      | Bought 4 fruits for 78 gold pieces
  5444 | D:5      | Bought a bread ration for 65 gold pieces
  6032 | D:7      | Noticed Prince Ribbit
  6039 | D:7      | Killed Prince Ribbit
  6039 | D:7      | Reached skill level 10 in Stealth
  6396 | D:7      | Learned a level 2 spell: Passwall
  6450 | D:7      | Reached XP level 9. HP: 41/41 MP: 17/20
  6627 | D:7      | Reached skill level 11 in Stealth
  6721 | D:7      | Reached ** piety under Ashenzari
  6818 | D:7      | Found a staircase to the Ecumenical Temple.
  7537 | D:8      | Reached skill level 12 in Stealth
  7771 | D:8      | Reached skill level 5 in Short Blades
  8004 | D:8      | Found a sparkling altar of Nemelex Xobeh.
  8412 | D:9      | Found a sacrificial altar of Ru.
  8418 | D:9      | Found a radiant altar of Vehumet.
  8586 | D:9      | Found a staircase to the Lair.
  8780 | D:9      | Reached skill level 13 in Stealth
  8805 | D:10     | Entered Level 10 of the Dungeon
  8847 | D:10     | Got the uncursed robe "Wybikh" {Str+2}
  8858 | D:10     | Identified the +1 robe "Wybikh" {Str+2} (You found it on level 10 of the Dungeon)
  8976 | D:10     | Found an ancient bone altar of Kikubaaqudgha.
  8992 | D:10     | Reached XP level 10. HP: 46/46 MP: 17/23
  9005 | D:10     | Reached skill level 14 in Stealth
  9071 | D:10     | HP: 2/46 [orc priest/divine providence (14)]
  9158 | D:11     | Learned a level 3 spell: Regeneration
  9485 | D:10     | Reached *** piety under Ashenzari
  9775 | D:10     | Noticed a hill giant
  9782 | D:10     | Killed a hill giant
  9914 | D:10     | Reached skill level 15 in Stealth
 10171 | D:11     | Reached skill level 1 in Necromancy
 10459 | D:10     | Slain by a yak

Skill      XL: |  1  2  3  4  5  6  7  8  9 10 |
---------------+-------------------------------+-----
Spellcasting   | 3 4 5 6 8 9 |  9.0
Stealth        | 5 6 7 8 10 13 15 | 15.6
Hexes          | 4 5 6 7 |  7.7
Ice Magic      | 1 2 3 4 |  4.4
Short Blades   | 2 3 4 5 6 |  6.6
Dodging        | 4 |  4.6
Fighting       | 1 |  1.7
Necromancy     | 1 |  1.5
Charms         | |  0.4

Action                   |  1- 3 |  4- 6 |  7- 9 | 10-12 || total
-------------------------+-------+-------+-------+-------++-------
Melee: Dagger            |   148 |    73 |   184 |    46 ||   451
 Cast: Corona            |    10 |     1 |       |       ||    11
       Ensorcelled Hiber |    36 |    28 |    90 |    33 ||   187
       Confuse           |       |       |    14 |     9 ||    23
       Regeneration      |       |       |       |     2 ||     2
Invok: Curse Item        |       |     1 |     3 |       ||     4
  Use: Scroll            |     4 |     5 |     6 |     7 ||    22
       Potion            |       |       |       |     1 ||     1
 Stab: Sleeping          |    24 |    20 |    65 |    28 ||   137
       Confused          |       |       |    10 |     3 ||    13
       Distracted        |       |       |     2 |     2 ||     4
  Eat: Bread ration      |     1 |       |     1 |       ||     2
       Fruit             |       |       |     1 |       ||     1
Armor: Robe              |    11 |     6 |     4 |     1 ||    22
Dodge: Dodged            |   137 |    45 |   100 |    44 ||   326
